 Dungeon Crawl Stone Soup version 0.16.1-2-g95b8d4c (webtiles) character file.

320 Joshi the Slasher (level 6, -14/55 HPs)
             Began as a Minotaur Berserker on Mar 24, 2015.
             Was a Believer of Trog.
             Demolished by an orc warrior
             ... wielding a +0 glaive
              (21 damage)
             ... on level 4 of the Dungeon.
             The game lasted 00:49:25 (3587 turns).

Joshi the Slasher (Minotaur Berserker)              Turns: 3587, Time: 00:49:25

Health: -14/55     AC:  9    Str: 24    XL:     6   Next: 22%
Magic:  3/3        EV: 11    Int:  4    God:    Trog [**....]
Gold:   172        SH:  0    Dex: 12    Spells: 0 memorised, 5 levels left

rFire  . . .     SeeInvis .     N - +1 short sword (venom) {awesomeness}
rCold  . . .     Clarity  .     s - +0 scale mail (curse)
rNeg   . . .     SustAb   .     (no shield)
rPois  .         Gourm    .     (helmet restricted)
rElec  .         Spirit   .     F - +0 cloak
rCorr  +         Warding  .     g - +0 pair of gloves
rMut   .         Stasis   .     (no boots)
MR     ++...                    c - amulet of resist corrosion
Stlth  ..........               (no ring)
                                d - +3 ring of strength

@: regenerating, very resistant to hostile enchantments, extremely unstealthy
A: retaliatory headbutt, horns 2
a: Burn Spellbooks, Berserk, Trog's Hand, Renounce Religion


You were on level 4 of the Dungeon.
You worshipped Trog.
Trog was pleased with you.
You were not hungry.

You visited 1 branch of the dungeon, and saw 4 of its levels.

You collected 172 gold pieces.

Inventory:

Hand weapons
 a - a +0 falchion
 f - a +0 short sword
 i - a +0 club
 j - a +0 short sword
 m - a +0 club
 p - a +1 dagger of draining
 t - a +0 club
 x - a cursed +0 club
 y - a +0 war axe
 z - a +0 dagger
 A - a +0 mace
 C - a +0 club
 D - a +0 flail
 H - a +0 war axe
 I - a +0 short sword
 J - a +0 hunting sling
 K - a +0 whip
 L - a +0 giant spiked club
 N - a +1 short sword of venom (weapon) {awesomeness}
 O - the +5 dagger "Acarineslayer" {flame, rPois rN+ MR- MP+9 SInv, unknown}
   (You found it on level 4 of the Dungeon)

   It has been specially enchanted to burn those struck by it, causing extra
   injury to most foes and up to half again as much damage against particularly
   susceptible opponents.
   It protects you from poison.
   It protects you from negative energy.
   It affects your resistance to hostile enchantments.
   It affects your magic capacity (+9).
   It enhances your eyesight.
 Q - a +0 mace
 R - a +0 club
Missiles
 l - 16 bolts
 o - 62 stones (quivered)
 w - 10 silver bolts
 M - 22 arrows
Armour
 b - a +0 animal skin
 g - a +0 pair of gloves (worn)
 h - a +1 robe of positive energy
 r - a +0 scale mail
 s - a cursed +0 scale mail (worn)
 B - a +0 robe
 E - a +0 scale mail
 F - a +0 cloak (worn)
Jewellery
 c - an amulet of resist corrosion (around neck)
 d - a +3 ring of strength (left hand)
Magical devices
 n - a wand of frost (8)
Scrolls
 G - a scroll of noise
Potions
 e - 2 potions of degeneration
 k - a potion of restore abilities
 u - 2 potions of agility
 v - a potion of heal wounds {unknown}
Comestibles
 q - a meat ration
 P - 2 chunks of flesh


   Skills:
 * Level 4.9 Fighting
 * Level 1.0(3.2) Short Blades
 - Level 5.4(5.5) Long Blades
 + Level 1.8 Slings
 + Level 4.2 Armour
 + Level 3.5 Dodging


You had 5 spell levels left.
You didn't know any spells.

Dungeon Overview and Level Annotations

Branches:
Dungeon (4/15)             Temple (0/1) D:4

Altars:
Qazlal
Trog
Xom


Innate Abilities, Weirdness & Mutations

You reflexively headbutt those who attack you in melee.
You have a pair of horns on your head.


Message History

* * * LOW HITPOINT WARNING * * *
You see here a stone.
The orc warrior throws a stone.
The stone closely misses you.
The orc warrior throws a stone.
The stone hits you but does no damage.
You see here 2 stones.
Use which ability? (? or * to list)
Okay, then.
Use which ability? (? or * to list)
Your skin crawls.
You feel resistant to hostile enchantments.
You feel slightly more hungry.
The orc warrior throws a stone.
The stone closely misses you.
You see here a stone.
The orc warrior hits you with a glaive!
* * * LOW HITPOINT WARNING * * *
You see here a stone.
You hit the orc warrior.
The orc warrior is poisoned.
The orc warrior is lightly wounded.
The orc warrior hits you with a glaive!!
You die...

.....# ####.# #.# #.# ##.#
######### ##..# #.......#
##...## #.#####.#
#.....###########o# #.#
................@.# #(#
#..<..############# #.#
##...## #######(########
.....# #....((........#
..#.#### #.##...o######.#
.......# #...##
.8.8.8.######. ##.##
..⌠.⌠...........>...>.....#
.8.>.8.######.#######.###.#


You could see an orc warrior.

Vanquished Creatures
  Menkaure (D:4)
  An ogre (D:4)
  Ijyb (D:2)
  Terence (D:3)
  3 adders
  2 giant mites
  2 giant geckos (D:3)
  2 orcs
  6 bats
  A giant cockroach (D:3)
  3 goblins
  7 hobgoblins
  4 jackals (D:2)
  9 kobolds
  5 giant newts
  9 rats
  A bush (D:1)
58 creatures vanquished.

Vanquished Creatures (others)
  A hobgoblin (D:4)
1 creature vanquished.

Grand Total: 59 creatures vanquished

Notes
Turn   | Place    | Note
--------------------------------------------------------------
     0 | D:1      | Joshi, the Minotaur Berserker, began the quest for the Orb.
     0 | D:1      | Reached XP level 1. HP: 19/19 MP: 1/1
   473 | D:1      | Reached skill level 4 in Long Blades
   473 | D:1      | Reached XP level 2. HP: 27/27 MP: 1/1
   820 | D:1      | Reached XP level 3. HP: 33/33 MP: 2/2
   934 | D:1      | Acquired Trog's second power
  1043 | D:2      | Found a bloodstained altar of Trog.
  1045 | D:2      | Noticed Ijyb
  1055 | D:2      | Killed Ijyb
  1663 | D:2      | Reached XP level 4. HP: 40/40 MP: 2/2
  2101 | D:3      | Found a stormy altar of Qazlal.
  2101 | D:3      | Noticed Terence
  2106 | D:3      | Killed Terence
  2260 | D:3      | Found a shimmering altar of Xom.
  2261 | D:3      | Found a shimmering altar of Xom.
  2265 | D:3      | Found a shimmering altar of Xom.
  2265 | D:3      | Found a shimmering altar of Xom.
  2269 | D:3      | Found a shimmering altar of Xom.
  2955 | D:3      | You fall through a shaft!
  2955 | D:4      | Noticed an ogre
  2966 | D:4      | Killed an ogre
  2966 | D:4      | Reached skill level 5 in Long Blades
  2966 | D:4      | Reached skill level 1 in Slings
  2966 | D:4      | Reached XP level 5. HP: 25/47 MP: 2/2
  3178 | D:4      | Noticed Menkaure
  3184 | D:4      | Noticed an ogre
  3208 | D:4      | Killed Menkaure
  3208 | D:4      | Reached XP level 6. HP: 22/55 MP: 3/3
  3444 | D:4      | Found a staircase to the Ecumenical Temple.
  3455 | D:4      | Got a slimy dagger
  3556 | D:4      | Noticed an orc warrior
  3560 | D:4      | Reached skill level 1 in Short Blades
  3587 | D:4      | Demolished by an orc warrior

Action                   |  1- 3 |  4- 6 || total
-------------------------+-------+-------++-------
Melee: Falchion          |   134 |       ||   134
       Dagger            |    13 |    51 ||    64
       Short sword       |       |     7 ||     7
 Fire: Hunting sling     |       |     5 ||     5
Invok: Berserk           |     1 |     2 ||     3
       Trog's Hand       |       |     2 ||     2
  Use: Scroll            |     3 |     4 ||     7
       Potion            |     1 |       ||     1
  Eat: Bread ration      |     1 |       ||     1
       Meat ration       |       |     1 ||     1
       Beef jerky        |       |     1 ||     1
       Chunk             |       |     1 ||     1
